 Dungeon Crawl Stone Soup version 0.22-a0-608-g8a62e23 (webtiles) character file.

9 wennylee the Chiller (level 2, 0/21 HPs)
             Began as a Merfolk Ice Elementalist on July 9, 2018.
             Slain by a jackal (1 damage)
             ... on level 1 of the Dungeon.
             The game lasted 00:02:34 (87 turns).

wennylee the Chiller (Merfolk Ice Elementalist)       Turns: 87, Time: 00:02:35

Health: 0/21       AC:  2    Str:  8    XL:     2   Next: 12%
Magic:  0/5        EV: 13    Int: 14    God:
Gold:   0          SH:  0    Dex: 14    Spells: 4/5 levels left

rFire    . . .     SeeInvis .   (no weapon)
rCold    . . .     Gourm    .   (no shield)
rNeg     . . .     Faith    .   a - +0 robe
rPois    .         Spirit   .   (no helmet)
rElec    .         Reflect  .   (no cloak)
rCorr    .         Harm     .   (no gloves)
MR       .....                  (no boots)
Stlth    ++........             (no amulet)
HPRegen  0.07/turn              (no ring)
MPRegen  0.09/turn              (no ring)

@: no status effects
A: change form in water, swift swim, stealthy swim
a: no special abilities


You were on level 1 of the Dungeon.
You were not hungry.

You visited 1 branch of the dungeon, and saw 1 of its levels.

Inventory:

Armour
 a - a +0 robe (worn)
Scrolls
 b - a scroll of identify {unknown}
Comestibles
 c - a ration


   Skills:
 * Level 1.2 Fighting
 + Level 3.0 Dodging
 - Level 2.1 Stealth
 - Level 2.0 Spellcasting
   Level 0.7 Conjurations
 + Level 3.4 Ice Magic


You had 4 spell levels left.
You knew the following spells:

 Your Spells              Type           Power        Failure   Level  Hunger
a - Freeze                Ice            ##..         6%          1    ##.....

Your spell library contained the following spells:

 Spells                   Type           Power        Failure   Level  Hunger
 Throw Frost              Conj/Ice       #.....       16%         2    ###....
 Summon Ice Beast         Ice/Summ       #.......     75%         4    #####..
 Ozocubu's Armour         Chrm/Ice       #.......     34%         3    ####...
 Throw Icicle             Conj/Ice       #.......     69%         4    #####..


Dungeon Overview and Level Annotations

Branches:
Dungeon (1/15)

Altars:


Message History

You freeze the jackal.
The jackal is lightly wounded.
The jackal misses you. The jackal barely misses you.
The jackal bites you but does no damage.
The jackal misses you. The jackal closely misses you. The jackal bites you.
* * * LOW HITPOINT WARNING * * *
The jackal bites you.
* * * LOW HITPOINT WARNING * * *
The teleport trap disappears.
The bat disappears!
Casting: Freeze (safe; 6% risk of failure)
Confirm with . or Enter, or press ? or * to list all spells.
Aiming: Freeze (safe; 6% risk of failure)
Press: ? - help, Shift-Dir - straight line, f/p - jackal
Aim: a jackal You freeze the jackal.
You kill the jackal!
The jackal bites you.
You die...

..≈≈≈...§.≈≈§.§§..
..§≈.......§≈...§...
≈≈≈≈...<...≈≈§§..(..
≈§§§≈.....≈≈≈§§≈≈...
§≈≈§§.§§..≈§§≈≈≈≈≈≈.
≈≈≈≈≈≈≈§≈≈.≈≈≈§≈§≈≈≈
.?....≈≈§≈≈..........
.......≈≈≈...........
#.....≈≈≈.§†@...#..
#......≈....h.......
#......≈...............##
.##........................
......#......###.#.......#
#......#...............#
...#.#.)#.#.###.##......#
...#......#....+......# ..
#..#.###.#+##......#


You could see a jackal.

Vanquished Creatures
  3 goblins (D:1)
  2 jackals (D:1)
  A kobold (D:1)
  A frilled lizard (D:1)
7 creatures vanquished.

Notes
Turn   | Place    | Note
-------+----------+-------------------------------------------
     0 | D:1      | wennylee the Merfolk Ice Elementalist began the quest for the Orb.
     0 | D:1      | Reached XP level 1. HP: 13/13 MP: 3/3
    52 | D:1      | Reached skill level 1 in Fighting
    64 | D:1      | Reached XP level 2. HP: 3/21 MP: 0/5
    85 | D:1      | HP: 1/21 [jackal (1)]
    87 | D:1      | Slain by a jackal

Vault maps used:
D:1:      onia_arrival_pentagram, serial_bayou_lagoon_a, minmay_misc_feat_room

Skill      XL: |  1 |
---------------+----+-----
Fighting       | 1 |  1.2
Dodging        | 3 |  3.0
Stealth        | |  2.1
Spellcasting   | |  2.0
Conjurations   | |  0.7
Ice Magic      | |  3.4

Action                   || total
-------------------------++-------
Melee: Unarmed           ||     1
 Cast: Freeze            ||     9
Armor: Robe              ||     2
Dodge: Dodged            ||    13

Table legend:
 A = Spawn XP
 B = Non-spawn XP
 C = Spawn XP percentage of total XP
 D = Spawn monster count
 E = Non-spawn monster count
 F = Spawn count percentage of total count
 G = Total turns spent on level
                    A         B        C        D         E        F      G
               +---------+---------+-------+---------+---------+-------+---------
         Total |       0 |      13 |   0.0 |       0 |       7 |   0.0 |    87
               +---------+---------+-------+---------+---------+-------+---------
           D:1 |       0 |      13 |   0.0 |       0 |       7 |   0.0 |    87
               +---------+---------+-------+---------+---------+-------+---------
